 Dungeon Crawl Stone Soup version 0.20.1-1-g8b1a95d (webtiles) character file.

30802 schlauschwein the Earth Mage (level 13, -21/157 HPs)
             Began as a Deep Dwarf Earth Elementalist on Aug 12, 2017.
             Was a High Priest of Makhleb.
             Demolished by Rupert
             ... wielding a +2 great mace of protection
              (26 damage)
             ... on level 4 of the Lair of Beasts.
             The game lasted 01:05:43 (18834 turns).

schlauschwein the Earth Mage (DDEE)                Turns: 18834, Time: 01:05:44

Health: -21/157    AC: 26    Str: 18    XL:     13   Next: 22%
Magic:  3/34       EV:  2    Int: 20    God:    Makhleb [*****.]
Gold:   1102       SH:  0    Dex: 18    Spells: 13/28 levels left

rFire    . . .     SeeInvis .   J - +4 battleaxe (freeze)
rCold    . . .     Gourm    .   (shield currently unavailable)
rNeg     + + +     Faith    .   (armour currently unavailable)
rPois    +         Spirit   .   (helmet currently unavailable)
rElec    .         Reflect  .   (cloak currently unavailable)
rCorr    .         Harm     .   (gloves currently unavailable)
MR       +....     NoTele   +   (boots currently unavailable)
Stlth    +++.......             y - amulet of magic regeneration
Regen    0.0/turn               E - +3 ring of evasion
MPRegen  0.4/turn               s - ring of magical power

@: mighty, agile, tree-form, non-regenerating, hasted, very quick
A: damage resistance, heal wounds, sense surroundings 2, no regeneration
a: Heal Wounds, Minor Destruction, Lesser Servant of Makhleb, Major Destruction,
Greater Servant of Makhleb, Renounce Religion


You were on level 4 of the Lair of Beasts.
You worshipped Makhleb.
Makhleb was extremely pleased with you.
You were not hungry.
You were a tree.
You visited 3 branches of the dungeon, and saw 16 of its levels.
You also visited: Ice Cave.

You collected 1162 gold pieces.
You spent 60 gold pieces at shops.

Inventory:

Hand Weapons
 J - a +4 battleaxe of freezing (weapon)
 U - a +4 arbalest of freezing
Missiles
 b - 214 stones (quivered)
Armour
 c - a +0 pair of gloves (melded)
 e - a scarf of cloud immunity (melded)
 r - a +1 pair of boots (melded)
 v - the +1 leather armour of Sorcery {Int+2}
   (You found it on level 6 of the Dungeon)

   It affects your intelligence (+2).
 I - a +0 helmet (melded)
 O - the +3 warlock's mirror {reflect}
   (You found it in an ice cave)
 P - a +2 ring mail of cold resistance (melded)
 Q - a +0 pair of boots of flying
Jewellery
 f - an uncursed ring of ice
 o - an uncursed ring of poison resistance
 s - a ring of magical power (right branch)
 w - an uncursed ring of resist corrosion
 y - an amulet of magic regeneration (around neck)
 A - a +3 amulet of reflection
 E - a +3 ring of evasion (left branch)
 R - an uncursed ring of protection from cold
Wands
 j - a wand of lightning (10/15)
 u - a wand of acid (9/15)
 F - a wand of iceblast (7/15)
 L - a wand of enslavement (17/24)
 M - a wand of acid (3/15)
Scrolls
 g - a scroll of identify
 k - 3 scrolls of magic mapping
 l - a scroll of fog
 n - a scroll of teleportation
 p - 13 scrolls of remove curse
 q - 2 scrolls of fear
Potions
 a - a potion of mutation
 h - a potion of lignification
 t - a potion of brilliance
 B - 2 potions of resistance
 C - 8 potions of curing
 K - 6 potions of flight
 N - 3 potions of cancellation
Books
 d - a book of Debilitation

   Spells                             Type                      Level
   a - Corona                         Hexes                        1
   b - Slow                           Hexes                        2
   c - Inner Flame                    Hexes/Fire                   3
   d - Portal Projectile              Hexes/Translocation          3
   e - Cause Fear                     Hexes                        4
   f - Leda's Liquefaction            Hexes/Earth                  4
 i - the Compendium of Congealing Changing
   (You found it on level 1 of the Lair of Beasts)

   Spells                             Type                      Level
   a - Beastly Appendage              Transmutation                1
   b - Passwall                       Transmutation/Earth          2
   c - Metabolic Englaciation         Hexes/Ice                    5
   d - Bolt of Cold                   Conjuration/Ice              6
   e - Ozocubu's Refrigeration        Ice                          6
Comestibles
 D - 7 royal jellies
 G - 8 chunks of flesh


   Skills:
 + Level 4.1 Fighting
 + Level 8.8 Axes
 + Level 5.2 Armour
 + Level 5.1 Dodging
 - Level 2.4 Stealth
 - Level 8.1 Spellcasting
 + Level 5.4 Conjurations
 + Level 1.1 Transmutations
 + Level 19.6 Earth Magic


You had 13 spell levels left.
You knew the following spells:

 Your Spells              Type           Power        Failure   Level  Hunger
a - Sandblast             Erth           ######       0%          1    None
b - Passwall              Tmut/Erth      #####.....   1%          2    None
c - Stone Arrow           Conj/Erth      ######       1%          3    None
d - Lee's Rapid Deconstr  Erth           ######....   1%          5    #####..
e - Petrify               Tmut/Erth      #####...     1%          4    ###....


Dungeon Overview and Level Annotations

Branches:
Dungeon (11/15)            Temple (1/1) D:4            Lair (4/6) D:10
 Shoals (0/4) Lair:2       Spider (0/4) Lair:2          Orc (0/2) D:9

Altars:
Ashenzari
Dithmenos
Elyvilon
Hepliaklqana
Makhleb
Nemelex Xobeh
Okawaru
Qazlal
Sif Muna
Vehumet
Xom
Yredelemnul
Zin
The Shining One

Shops:
D:7 (*

Annotations:
Lair:4 Rupert


Innate Abilities, Weirdness & Mutations

You are resistant to damage.
You can heal yourself by infusing magical energy.
You passively map the area around you.
You do not regenerate.


Message History

Rupert completely misses you.
You slash Rupert! You freeze Rupert.
Rupert is almost dead.
Rupert hits you with a great mace of protection.
* * * LOW HITPOINT WARNING * * *
You slash Rupert! You freeze Rupert.
Rupert is almost dead.
Rupert hits you with a great mace of protection!
* * * LOW HITPOINT WARNING * * *
You completely miss Rupert.
Rupert is almost dead.
Rupert hits you with a great mace of protection.
* * * LOW HITPOINT WARNING * * *
You hit Rupert. You freeze Rupert.
Rupert is almost dead.
Rupert hits you with a great mace of protection.
You closely miss Rupert.
Rupert is almost dead.
Rupert hits you with a great mace of protection!!
You die...

,
..#.....#.#........
> ⌠, , , *
#.#...###.#.....#.
, , ,
#............#.###
,, ⌠
#...........#...#
,,* *
##...P..........##
,
###.#.#####.......#
,, ,* ##.....#
###.....# , ,
###......# ###...#,
* , ........♣.#
###.. *
,>.#...##.@.# *##.
* *,...##*#...# ,
.. **, .. *....# *
, * , , ,. * ##...P
* * *#....# , *
......* * , *,
.....## **, ,,, ,
** ,


You could see Rupert (berserk).

Vanquished Creatures
  A frost giant (IceCv)
  A hydra (Lair:1)
  Erolcha (D:11)
  4 death yaks (IceCv)
  4 two-headed ogres
  2 manticores
  A black mamba (Lair:3)
  Joseph (D:10)
  An ice statue (IceCv)
  3 spiny frogs
  2 komodo dragons
  2 ice devils (Lair:4)
  11 polar bears (IceCv)
  A troll (D:11)
  2 hornets
  7 hippogriffs
  A spriggan (D:8)
  44 yaks
  A tarantella (Lair:2)
  2 hungry ghosts
  A steam dragon (D:9)
  Grum (Lair:1)
  2 hell hounds (D:10)
  7 water moccasins
  3 porcupines
  5 orc warriors
  An ice beast (D:7)
  4 phantoms
  A sky beast (D:11)
  An eye of draining (D:8)
  4 ogres
  23 wolves
  4 centaurs
  8 crocodiles
  A big kobold (D:10)
  11 bullfrogs
  2 gnoll sergeants (D:8)
  A scorpion (D:5)
  8 killer bees
  7 wights
  2 howler monkeys (D:11)
  3 crimson imps
  A quasit (D:7)
  2 bullfrog zombies
  3 jellies
  7 hounds
  6 orc priests
  A bullfrog skeleton (D:4)
  A centaur skeleton (D:6)
  An iguana (D:6)
  7 orc wizards
  9 worker ants
  2 killer bee zombies
  2 worker ant zombies
  6 gnolls
  A howler monkey skeleton (D:6)
  13 adders
  3 shadow imps
  2 oozes
  3 worms
  An adder skeleton (D:7)
  An adder zombie (D:9)
  5 dart slugs
  6 leopard geckos
  45 orcs
  7 giant cockroaches
  17 goblins
  12 hobgoblins
  6 quokkas
  4 ball pythons
  11 bats
  9 frilled lizards
  A jackal zombie (D:8)
  17 kobolds
  9 rats
  A fungus (Lair:1)
414 creatures vanquished.

Vanquished Creatures (collateral kills)
  A black bear (D:7)
  A wight (D:7)
2 creatures vanquished.

Vanquished Creatures (others)
  A fungus (Lair:2)
1 creature vanquished.

Grand Total: 417 creatures vanquished

Notes
Turn   | Place    | Note
-------+----------+-------------------------------------------
     0 | D:1      | schlauschwein the Deep Dwarf Earth Elementalist began the quest for the Orb.
     0 | D:1      | Reached XP level 1. HP: 15/15 MP: 3/3
   267 | D:1      | Reached XP level 2. HP: 22/22 MP: 2/4
   458 | D:1      | Reached skill level 5 in Earth Magic
   719 | D:1      | Reached XP level 3. HP: 16/28 MP: 6/6
   723 | D:1      | Learned a level 2 spell: Passwall
   727 | D:1      | Learned a level 3 spell: Stone Arrow
  2931 | D:2      | Found an iron altar of Okawaru.
  3276 | D:2      | Reached XP level 4. HP: 16/36 MP: 0/7
  3476 | D:2      | Reached skill level 6 in Earth Magic
  4808 | D:3      | Reached XP level 5. HP: 18/42 MP: 4/8
  5665 | D:4      | Found a white marble altar of Elyvilon.
  5665 | D:4      | Found a shattered altar of Ashenzari.
  5665 | D:4      | Found a basalt altar of Yredelemnul.
  5667 | D:4      | Reached skill level 1 in Conjurations
  5667 | D:4      | Reached skill level 7 in Earth Magic
  6004 | D:4      | Reached XP level 6. HP: 21/49 MP: 7/10
  6067 | D:4      | Learned a level 5 spell: Lee's Rapid Deconstruction
  6237 | D:4      | Found a glowing golden altar of the Shining One.
  6293 | D:4      | Found a hazy altar of Hepliaklqana.
  6302 | D:4      | Found a staircase to the Ecumenical Temple.
  6308 | Temple   | Entered the Ecumenical Temple
  6402 | Temple   | Became a worshipper of Makhleb the Destroyer
  6578 | D:5      | Entered Level 5 of the Dungeon
  6641 | D:5      | Reached skill level 8 in Earth Magic
  7044 | D:5      | Reached XP level 7. HP: 19/55 MP: 12/12
  7281 | D:5      | Reached skill level 9 in Earth Magic
  7285 | D:5      | Got a brightly glowing dagger {pierce}
  7286 | D:5      | Identified the +5 dagger of Qobbof {pierce, rPois MR+ Str+4} (You took it off an orc on level 5 of the Dungeon)
  7376 | D:5      | Reached * piety under Makhleb
  7757 | D:6      | Reached skill level 10 in Earth Magic
  7765 | D:6      | Got a faintly humming leather armour
  7776 | D:6      | Identified the cursed +1 leather armour of Sorcery {Int+2} (You found it on level 6 of the Dungeon)
  8232 | D:6      | Reached XP level 8. HP: 30/62 MP: 14/14
  8238 | D:6      | Learned a level 4 spell: Petrify
  8274 | D:6      | Found a stormy altar of Qazlal.
  8274 | D:6      | Found a radiant altar of Vehumet.
  8730 | D:6      | Reached skill level 11 in Earth Magic
  9066 | D:7      | Found Xakheuw's General Store.
  9073 | D:7      | Bought a scroll of identify for 30 gold pieces
  9073 | D:7      | Bought a scroll of identify for 30 gold pieces
  9239 | D:7      | Reached ** piety under Makhleb
  9351 | D:7      | Reached skill level 5 in Spellcasting
  9552 | D:7      | Noticed a hornet
  9554 | D:7      | Killed a hornet
  9554 | D:7      | Reached skill level 12 in Earth Magic
  9648 | D:7      | Gained mutation: You passively map the area around you. [Deep Dwarf growth]
  9648 | D:7      | Reached XP level 9. HP: 68/68 MP: 13/17
 10276 | D:7      | Found Jabri's Antique Weapon Shoppe.
 10579 | D:8      | Reached skill level 13 in Earth Magic
 10632 | D:8      | Reached *** piety under Makhleb
 11082 | D:8      | Reached skill level 14 in Earth Magic
 11324 | D:8      | Reached XP level 10. HP: 75/75 MP: 11/21
 11332 | D:8      | Reached **** piety under Makhleb
 11674 | D:9      | Noticed a two-headed ogre
 11678 | D:9      | Killed a two-headed ogre
 11873 | D:9      | Found a staircase to the Orcish Mines.
 12014 | D:9      | Reached skill level 15 in Earth Magic
 12442 | D:9      | Noticed a two-headed ogre
 12466 | D:9      | Killed a two-headed ogre
 12803 | D:9      | Noticed a two-headed ogre
 12809 | D:9      | Killed a two-headed ogre
 12809 | D:9      | Reached skill level 16 in Earth Magic
 12881 | D:10     | Entered Level 10 of the Dungeon
 12981 | D:10     | Reached skill level 1 in Armour
 13060 | D:10     | Noticed a two-headed ogre
 13066 | D:10     | Killed a two-headed ogre
 13066 | D:10     | Reached XP level 11. HP: 81/81 MP: 19/23
 13083 | D:10     | Noticed Joseph
 13105 | D:10     | Killed Joseph
 13105 | D:10     | Reached skill level 1 in Axes
 13305 | D:10     | Reached skill level 1 in Fighting
 13585 | D:10     | Found a staircase to the Lair.
 13703 | D:10     | You fall through a shaft!
 14031 | D:11     | Reached ***** piety under Makhleb
 14264 | D:11     | Reached skill level 17 in Earth Magic
 14343 | D:11     | Noticed Erolcha
 14356 | D:11     | Killed Erolcha
 14459 | D:10     | Found a radiant altar of Vehumet.
 14545 | Lair:1   | Entered Level 1 of the Lair of Beasts
 14634 | Lair:1   | Identified the Compendium of Congealing Changing
 14670 | Lair:1   | Noticed a four-headed hydra
 14677 | Lair:1   | Killed a four-headed hydra
 14914 | Lair:1   | Noticed Grum
 14921 | Lair:1   | Killed Grum
 15067 | Lair:1   | Reached skill level 18 in Earth Magic
 15095 | Lair:1   | Reached skill level 5 in Conjurations
 15298 | Lair:1   | Reached XP level 12. HP: 84/93 MP: 24/24
 16037 | Lair:2   | Reached skill level 5 in Axes
 16161 | Lair:2   | Found a hole to the Spider Nest.
 16231 | Lair:2   | Found a staircase to the Shoals.
 16268 | Lair:2   | Reached skill level 1 in Transmutations
 17623 | Lair:4   | Found a frozen archway.
 17648 | IceCv    | Entered an ice cave
 17849 | IceCv    | Reached skill level 19 in Earth Magic
 18218 | IceCv    | Reached skill level 5 in Armour
 18289 | IceCv    | Noticed a death yak
 18303 | IceCv    | Killed a death yak
 18306 | IceCv    | Noticed a death yak
 18328 | IceCv    | Killed a death yak
 18329 | IceCv    | Reached XP level 13. HP: 86/105 MP: 3/25
 18491 | IceCv    | Noticed a frost giant
 18514 | IceCv    | Killed a frost giant
 18514 | IceCv    | Reached skill level 5 in Dodging
 18802 | Lair:4   | Noticed Rupert
 18832 | Lair:4   | HP: 5/157 [Rupert/great mace of protection (4)]
 18834 | Lair:4   | Demolished by Rupert

Skill      XL: |  1  2  3  4  5  6  7  8  9 10 11 12 13 |
---------------+----------------------------------------+-----
Spellcasting   | 2 3 4 5 7 8 |  8.1
Earth Magic    | 5 6 7 8 10 12 14 16 18 19 | 19.6
Conjurations   | 1 2 3 5 |  5.4
Armour         | 1 3 5 |  5.2
Axes           | 4 7 8 |  8.8
Fighting       | 2 3 4 |  4.1
Dodging        | 3 4 5 |  5.1
Transmutations | 1 |  1.1
Stealth        | |  2.4

Action                   |  1- 3 |  4- 6 |  7- 9 | 10-12 | 13-15 || total
-------------------------+-------+-------+-------+-------+-------++-------
Melee: Short sword       |    51 |    11 |       |       |       ||    62
       Dagger            |       |       |     3 |       |       ||     3
       Battleaxe         |       |       |       |   196 |    60 ||   256
 Cast: Sandblast         |    33 |    58 |    89 |   152 |       ||   332
       Stone Arrow       |    15 |    59 |    54 |   101 |    17 ||   246
       Passwall          |       |     1 |       |     2 |       ||     3
       Lee's Rapid Decon |       |     1 |    23 |    59 |     6 ||    89
       Petrify           |       |       |       |     2 |     3 ||     5
  Use: Scroll            |       |       |    10 |    22 |       ||    32
       Potion            |       |       |       |     7 |    10 ||    17
 Stab: Sleeping          |     1 |       |       |       |       ||     1
       Petrified         |       |       |       |     6 |       ||     6
  Eat: Chunk             |     9 |    20 |    17 |    36 |     4 ||    86
       Royal jelly       |       |       |     2 |       |       ||     2
Armor: Robe              |    17 |     4 |       |       |       ||    21
       Leather armour    |       |       |     3 |    20 |       ||    23
       Skin              |       |       |       |    89 |    32 ||   121
       Ring mail         |       |       |       |    84 |     5 ||    89
Dodge: Dodged            |    54 |    21 |    17 |   226 |     9 ||   327
